 Dungeon Crawl Stone Soup version 0.28.0-53-g5a82cb258f (webtiles) character file.

Game seed: 8920629550452059986

267 pkoi the Digger (level 5, -3/38 HPs)
             Began as a Demigod Earth Elementalist on June 2, 2022.
             Succumbed to a water moccasin's poison
             ... on level 3 of the Dungeon.
             The game lasted 00:04:21 (4044 turns).

pkoi the Digger (Demigod Earth Elementalist)        Turns: 4044, Time: 00:04:21

Health: -3/38      AC:  6    Str:  9    XL:     5   Next: 68%
Magic:  10/10      EV: 12    Int: 21    God:
Gold:   179        SH:  0    Dex: 14    Spells: 6/7 levels left

rFire   + + .      SeeInvis .   d - +0 short sword
rCold   + . .      Faith    .   (no shield)
rNeg    . . .      Spirit   .   b - +0 robe
rPois   .          Reflect  .   (helmet restricted)
rElec   .          Harm     .   l - scarf {rC+ rF+}
rCorr   .          Rampage  .   (no gloves)
Will    .....                   (no boots)
Stlth   ++........              (no amulet)
HPRegen 0.12/turn               h - +4 ring of protection
MPRegen 0.12/turn               o - ring of protection from fire

@: lethally poisoned (-3 -> -21)
A: high MP 1, forlorn, divine attributes, horns 1, talons 1
a: no special abilities


You were on level 3 of the Dungeon.
You visited 1 branch of the dungeon, and saw 4 of its levels.

You collected 179 gold pieces.

Inventory:

Hand Weapons
 a - a +0 flail
 d - a +0 short sword (weapon)
Missiles
 c - 53 stones
Armour
 b - a +0 robe (worn)
 l - a scarf of resistance (worn)
Jewellery
 h - a +4 ring of protection (left hand)
 m - a ring of see invisible
 o - a ring of protection from fire (right hand)
Scrolls
 g - 3 scrolls of identify {unknown}
 i - a scroll of vulnerability {unknown}
 j - a scroll of fog {unknown}
 p - a scroll of teleportation {unknown}
Potions
 q - a potion of curing {unknown}


   Skills:
 - Level 1.7 Dodging
 - Level 1.7 Stealth
 - Level 1.7 Spellcasting
 - Level 0.8 Transmutations
 + Level 6.2 Earth Magic


You had 6 spell levels left.
You knew the following spells:

 Your Spells              Type           Power      Damage    Failure   Level
a - Sandblast             Erth           54%        2d13      1%          1

Your spell library contained the following spells:

 Spells                   Type           Power      Damage    Failure   Level
 Passwall                 Tmut/Erth      13%        N/A       5%          2
 Stone Arrow              Conj/Erth      28%        3d8       13%         3
 Animate Skeleton         Necr           2%         N/A       16%         1
 Apportation              Tloc           2%         N/A       16%         1
 Summon Small Mammal      Summ           4%         N/A       16%         1
 Static Discharge         Conj/Air       1%         N/A       22%         2
 Petrify                  Tmut/Erth      16%        N/A       34%         4
 Lightning Bolt           Conj/Air       0%         1d11      99%         5
 Maxwell's Capacitive Co  Air            0%         ∞         100%        8


Dungeon Overview and Level Annotations

Branches:
Dungeon (4/15)
 Temple: D:4-7

Shops:
D:3 [

Annotations:
D:4 Menkaure


Innate Abilities, Weirdness & Mutations

You have an increased reservoir of magic. (+10% MP)
You shall have no god before yourself.
Your divine heritage dramatically boosts your attributes as you level up.
You have a pair of small horns on your head.
You have sharp toenails.


Message History

The water moccasin completely misses you.
You feel sick. The water moccasin bites you.
* * * LOW HITPOINT WARNING * * *
You feel sick.
You feel sick. The water moccasin barely misses you.
You feel sick.
You feel sick.
You feel sick.
You are no longer poisoned.
The water moccasin bites you.
* * * LOW HITPOINT WARNING * * *
You are lethally poisoned!
The water moccasin poisons you!
There is an escape hatch in the ceiling here.
Unknown command.
* * * LOW HITPOINT WARNING * * *
You feel very sick. The water moccasin closely misses you.
A mysterious force pulls you upwards. The hatch slams shut behind you.
* * * LOW HITPOINT WARNING * * *
You feel very sick.
Unknown command.
It was a potion of brilliance.
You feel clever all of a sudden.
* * * LOW HITPOINT WARNING * * *
You feel sick. The water moccasin closely misses you.
The water moccasin bites you.
* * * LOW HITPOINT WARNING * * *
You are more poisoned.
The water moccasin poisons you!
It was a potion of mutation.
You feel extremely strange. A pair of horns grows on your head!
Your toenails lengthen and sharpen.
* * * LOW HITPOINT WARNING * * *
You feel very sick.
The water moccasin bites you but does no damage.
It was a potion of cancellation.
Your magical effects are unravelling.
You feel magically purged.
You feel a little less clever now.
You die...

##### ########## #...#
#........# #.######.######.#
#### #.....##.### #.###...
#######@##.#.####.......
#......S........#.......
########.###....#...##.#.......
#......#.###..#.##.......###...
#.####.#.##............### #...
#.# #.#.##......#.###.# #...
#.# #.#.##.........##.# #...
#.####.#.##.#....#..##.#####...
#........##.#....#...#.##...###


You could see a water moccasin.

Vanquished Creatures
  An ogre (D:4)
  A scorpion (D:4)
  A hound (D:4)
  4 adders
  A worm (D:4)
  A dart slug (D:1)
  An orc (D:3)
  7 ball pythons
  9 endoplasms
  A giant cockroach (D:3)
  2 goblins
  8 hobgoblins
  2 jackals (D:1)
  4 kobolds
  2 quokkas
  3 bats
  A frilled lizard (D:3)
  7 rats
56 creatures vanquished.

Notes
Turn   | Place    | Note
-------+----------+-------------------------------------------
     0 | D:1      | pkoi the Demigod Earth Elementalist began the quest for the
                  | Orb.
     0 | D:1      | Reached XP level 1. HP: 14/14 MP: 5/5
   159 | D:1      | Reached skill level 3 in Earth Magic
   598 | D:1      | Reached XP level 2. HP: 19/20 MP: 7/7
  2297 | D:2      | Reached XP level 3. HP: 26/26 MP: 6/8
  2298 | D:2      | Reached skill level 4 in Earth Magic
  3261 | D:3      | Reached XP level 4. HP: 33/33 MP: 5/9
  3401 | D:3      | Found Emmapoel's Armour Shop.
  3918 | D:4      | Reached skill level 5 in Earth Magic
  3983 | D:4      | Reached XP level 5. HP: 38/38 MP: 8/10
  4013 | D:4      | Noticed an ogre
  4015 | D:4      | Noticed a water moccasin
  4018 | D:4      | Killed an ogre
  4019 | D:4      | Reached skill level 6 in Earth Magic
  4029 | D:4      | Noticed Menkaure
  4043 | D:3      | Gained mutation: You have a pair of small horns on your
                  | head. [potion of mutation]
  4043 | D:3      | Gained mutation: You have sharp toenails. [potion of
                  | mutation]
  4043 | D:3      | HP: 1/38 [poisoned by a water moccasin]
  4044 | D:3      | Succumbed to a water moccasin's poison

Illustrated notes

Levels and vault maps discovered:
D:1:      matt_arrival_diagonals, layout_basic,
          chequers_ecumenical_altar_twisty, chequers_arboretum,
          amcnicky_mini_rare_corridor_liquid
D:2:      layout_loops_ring, minmay_misc_feat_iff
D:3:      layout_basic, nicolae_overflow_crystal_walls,
          nzn_hepliaklqana_mist_gate, serial_shops, nicolae_shop_trees,
          lightli_corner_chamber
D:4:      layout_cave_pools, temple_statues, chequers_decorated_corner,
          minmay_ruined_shrine, uniq_menkaure, uniq_robin, uniq_ijyb

Skill      XL: |  1  2  3  4  5 |
---------------+----------------+-----
Earth Magic    | 3 4 5 6 |  6.2
Dodging        | |  1.7
Stealth        | |  1.7
Spellcasting   | |  1.7
Transmutations | |  0.8

Action                   |  1- 3 |  4- 6 || total
-------------------------+-------+-------++-------
Melee: Short sword       |    64 |       ||    64
       Unarmed           |     1 |       ||     1
 Cast: Sandblast         |    41 |    19 ||    60
  Use: Potion            |       |     4 ||     4
Armor: Robe              |    11 |     5 ||    16
Dodge: Dodged            |    55 |     7 ||    62
